 Dungeon Crawl Stone Soup version 0.17.0-56-gd8de76c (webtiles) character file.

121 dvd the Shield-Bearer (level 5, 0/63 HPs)
             Began as a Formicid Fighter on Dec 6, 2015.
             Succumbed to a worker ant's poison
             ... on level 4 of the Dungeon.
             The game lasted 00:05:40 (2575 turns).

dvd the Shield-Bearer (Formicid Fighter)            Turns: 2575, Time: 00:05:40

Health: 0/63       AC: 22    Str: 20    XL:     5   Next: 26%
Magic:  5/5        EV:  2    Int:  8    God:
Gold:   74         SH:  9    Dex: 11    Spells: 0 memorised, 4 levels left

rFire  + . .     SeeInvis .     f - +0 short sword (venom)
rCold  + . .     Clarity  .     (armour currently unavailable)
rNeg   + + +     SustAt   .     c - +0 shield
rPois  +         Gourm    .     (helmet unavailable)
rElec  +         Spirit   .     (cloak currently unavailable)
rCorr  +         Warding  .     (gloves currently unavailable)
rMut   .         Stasis   +     (boots currently unavailable)
MR     .....                    n - amulet of inaccuracy (curse)
Stlth  +.........               (no ring)
                                (no ring)

@: lethally poisoned (0 -> -16), tree-form, resistant, not resistant to hostile
enchantments, very unstealthy
A: permanent stasis, dig shafts and tunnels, four strong arms, (antennae 0)
a: no special abilities


You were on level 4 of the Dungeon.
You were not hungry.
You were a tree.
You visited 1 branch of the dungeon, and saw 4 of its levels.

You collected 74 gold pieces.

Inventory:

Hand Weapons
 a - a +0 war axe
 f - a +0 short sword of venom (weapon)
 k - a +0 long sword of slicing
 p - a +0 dagger of speed
Armour
 b - a +0 scale mail (melded)
 c - a +0 shield (worn)
Jewellery
 n - a cursed amulet of inaccuracy (around neck)
Scrolls
 j - 3 scrolls of identify
Potions
 d - 4 potions of might
 g - a potion of mutation
 i - 2 potions of lignification
 m - a potion of brilliance {unknown}
 o - a potion of degeneration {unknown}
Comestibles
 e - 2 bread rations
 h - 2 chunks of flesh


   Skills:
 + Level 3.8 Fighting
 + Level 2.3 Axes
 + Level 4.2 Armour
 + Level 1.5 Dodging
 + Level 4.7 Shields


You had 4 spell levels left.
You didn't know any spells.

Dungeon Overview and Level Annotations

Branches:
Dungeon (4/15)
 Temple: D:4-7

Altars:


Innate Abilities, Weirdness & Mutations

You are under a permanent stasis effect.
You can dig through walls and to a lower floor.
Your four strong arms can wield two-handed weapons with a shield.
((You have a pair of large antennae on your head (SInv).))


Message History

The worker ant is almost dead.
* * * LOW HITPOINT WARNING * * *
You feel very sick. You block the worker ant's attack.
The hound closely misses you.
The worker ant bites you but does no damage.
Unknown command.
Wield which item (- for none, * to show all)? (? for menu, Esc to quit)
Okay, then.
Drink which item? (? for menu, Esc to quit)
It was a potion of lignification.
You turn into a tree.
Your +0 scale mail melds into your body.
Your roots penetrate the ground.
* * * LOW HITPOINT WARNING * * *
You feel sick. The hound bites you but does no damage.
The worker ant bites you but does no damage.
The hound barely misses you.
Drink which item? (? for menu, Esc to quit)
It was a potion of resistance.
You feel protected.
You die...

#.... +.#.#.
...... ..#.#. +##
#.....####..###+#
.................
.................
..##.ah##.......
#..♣# ..###..
#...# ..# .......
...
..#.#.#..#....
.........#.....
..#.#.#.####+###
#.......#
..#.#.#..


You could see a hound and a worker ant.

Vanquished Creatures
  6 adders
  A worm (D:3)
  3 giant geckos
  An orc (D:3)
  A ball python (D:1)
  3 giant cockroaches
  12 hobgoblins
  2 quokkas
  7 bats
  A giant newt (D:1)
  8 goblins
  A jackal (D:1)
  4 kobolds
  8 rats
58 creatures vanquished.

Notes
Turn   | Place    | Note
--------------------------------------------------------------
     0 | D:1      | dvd the Formicid Fighter began the quest for the Orb.
     0 | D:1      | Reached XP level 1. HP: 18/18 MP: 1/1
   139 | D:1      | Reached XP level 2. HP: 24/24 MP: 2/2
   677 | D:2      | Reached skill level 4 in Shields
   677 | D:2      | Reached XP level 3. HP: 25/29 MP: 3/3
  1052 | D:2      | Reached XP level 4. HP: 35/37 MP: 4/4
  1270 | D:2      | Reached skill level 1 in Dodging
  1725 | D:3      | Reached XP level 5. HP: 42/42 MP: 5/5
  2573 | D:4      | HP: 2/42 [poisoned by a worker ant]
  2575 | D:4      | Succumbed to a worker ant's poison

Action                   |  1- 3 |  4- 6 || total
-------------------------+-------+-------++-------
Melee: War axe           |   109 |    95 ||   204
       Short sword       |       |    48 ||    48
  Use: Scroll            |       |     3 ||     3
       Potion            |       |     2 ||     2
  Eat: Chunk             |     1 |     5 ||     6
